 Dungeon Crawl Stone Soup version 0.32-a0-898-g7811c86cf0 (webtiles) character file.

Game seed: 2998022322687649427

161075 Nvm9 the Eye of the Storm (level 16, -8/131 (133) HPs)
             Began as a Demonspawn Fighter on Apr 4, 2024.
             Was a Priest of Qazlal.
             Incinerated by a deep elf pyromancer (13 damage)
             ... with a pyre arrow
             ... on level 1 of the Elven Halls.
             The game lasted 01:21:43 (37756 turns).

Nvm9 the Eye of the Storm (Demonspawn Fighter)     Turns: 37756, Time: 01:21:44

HP:   -8/131 (133)  AC: 31    Str: 25    XL:     16   Next: 93%
MP:   22/28         EV:  6    Int: 10    God:    Qazlal [***...]
Gold: 836           SH: 19    Dex: 13    Spells: 15/15 levels left

rFire   . . .        F - +2 broad axe (vamp)
rCold   + . .        E - +3 kite shield {reflect}
rNeg    + + .        S - +1 plate armour {rF+}
rPois   +            G - +2 helmet
rElec   .            V - +2 ratskin cloak {*Rats rPois rN+ Str-1 Int-1 Dex+1}
rCorr   +            e - +2 pair of gloves
SInv    +            (no boots)
Will    +....        I - amulet of regeneration Stlth
                     t - +4 ring of slaying
HPRegen 1.21/turn    N - ring of Rumnoj {Ice rN+ rCorr Str+3 SInv}
MPRegen 0.21/turn

%: reflection
@: on fire, glowing, lightly drained
A: yellow scales 3, icemail 1, spiny 2, black mark, condensation shield,
bedeviling, weakness stinger 2, hooves 1, MP-powered wands
}: 1/15 runes: gossamer
a: Renounce Religion, Upheaval, Elemental Force


You were on level 1 of the Elven Halls.
You worshipped Qazlal.
Qazlal was most pleased with you.
You visited 7 branches of the dungeon, and saw 25 of its levels.
You also visited: Sewer and Ossuary.

You collected 2923 gold pieces.
You spent 2087 gold pieces at shops.

Inventory:

Hand Weapons
 b - a +1 falchion of holy wrath
 h - a +1 broad axe of chaos
 F - a +2 vampiric broad axe (weapon)
 H - a +0 battleaxe of freezing
Missiles
 x - 30 poisoned darts
 U - 13 silver javelins (quivered)
 X - 4 curare-tipped darts
Armour
 e - a +2 pair of gloves (worn)
 D - a +2 plate armour of cold resistance
 E - a +3 kite shield of reflection (worn)
 G - a +2 helmet (worn)
 S - a +1 plate armour of fire resistance (worn)
 V - the +2 ratskin cloak (worn) {*Rats rPois rN+ Str-1 Int-1 Dex+1}
   (You acquired it on level 1 of the Dungeon)

   *Rats:     When the wearer is hurt, rats may emerge from it to assist them.
   Str-1:     It affects your strength (-1).
   Int-1:     It affects your intelligence (-1).
   Dex+1:     It affects your dexterity (+1).
   rPois:     It protects you from poison.
   rN+:       It protects you from negative energy.
Jewellery
 a - a ring of poison resistance
 f - a ring of protection from fire
 n - a +4 ring of slaying
 r - a ring of willpower
 t - a +4 ring of slaying (left hand)
 v - a ring of see invisible
 I - an amulet of regeneration (around neck)
 J - a +4 ring of protection
 K - a ring of protection from cold
 N - the ring of Rumnoj (right hand) {Ice rN+ rCorr Str+3 SInv}
   (You bought it in a shop on level 6 of the Dungeon)

   [ring of ice]

   Ice:       It enhances your ice magic.
   Str+3:     It affects your strength (+3).
   rF-:       It makes you vulnerable to fire.
   rC+:       It protects you from cold.
   rN+:       It protects you from negative energy.
   SInv:      It lets you see invisible.
   rCorr:     It protects you from acid and corrosion.
 P - a +4 ring of protection
 T - a ring of positive energy
Wands
 q - a wand of mindburst (22)
 u - a wand of digging (3)
 w - a wand of paralysis (31)
 y - a wand of flame (37)
 C - a wand of iceblast (12)
 Q - a wand of light (9)
Scrolls
 c - a scroll of noise
 i - 20 scrolls of identify
 j - 2 scrolls of fear
 k - 4 scrolls of immolation
 l - a scroll of summoning
 m - 5 scrolls of fog
 o - a scroll of silence
 p - 7 scrolls of teleportation
 L - 2 scrolls of revelation
 M - 2 scrolls of poison
 O - 3 scrolls of blinking
 R - a scroll of amnesia
Potions
 d - 4 potions of might
 g - 5 potions of brilliance
 s - 8 potions of curing
 z - 6 potions of magic
 A - 8 potions of ambrosia
 B - a potion of cancellation


   Skills:
 * Level 14.3 Fighting
 * Level 12.9 Axes
 + Level 8.5 Throwing
 * Level 13.1 Armour
 * Level 13.0 Shields
 * Level 16.0 Invocations


You had 15 spell levels left.
You didn't know any spells.
Your spell library contained the following spells:

 Spells                   Type           Power      Damage    Failure   Level
 Apportation              Tloc           0%         N/A       99%         1
 Freeze                   Ice            0%         1d3       99%         1
 Necrotise                Necr           0%         1d4       99%         1
 Sting                    Conj/Alch      0%         1d3       99%         1
 Summon Small Mammal      Summ           0%         N/A       99%         1
 Blink                    Tloc           0%         N/A       100%        2
 Frozen Ramparts          Ice            0%         1d1       100%        3
 Hailstorm                Conj/Ice       0%         3d5       100%        3
 Sigil of Binding         Hex            0%         N/A       100%        3
 Tukima's Dance           Hex            0%         N/A       100%        3
 Volatile Blastmotes      Fire/Tloc      0%         2d10      100%        3
 Animate Dead             Necr           0%         N/A       100%        4
 Dimensional Bullseye     Hex/Tloc       0%         N/A       100%        4
 Passage of Golubria      Tloc           0%         N/A       100%        4
 Vhi's Electric Charge    Tloc/Air       0%         N/A       100%        4
 Alistair's Intoxication  Alch           0%         N/A       100%        5
 Arcjolt                  Conj/Air       0%         1d10      100%        5
 Borgnjor's Vile Clutch   Necr/Erth      0%         N/A       100%        5
 Irradiate                Conj/Alch      0%         3d11      100%        5
 Summon Forest            Summ/Tloc      0%         N/A       100%        5
 Yara's Violent Unravell  Hex/Alch       0%         3d3       100%        5
 Death Channel            Necr           0%         N/A       100%        6
 Eringya's Noxious Bog    Alch           0%         4d6       100%        6
 Plasma Beam              Fire/Air       0%         2x1d10    100%        6
 Sculpt Simulacrum        Ice/Alch       0%         N/A       100%        6
 Discord                  Hex            0%         N/A       100%        8


Dungeon Overview and Level Annotations

Branches:
Dungeon (11/15)            Temple (1/1) D:5            Lair (5/5) D:9
  Swamp (1/4) Lair:3       Spider (4/4) Lair:3        Slime (0/5) Lair:4
    Orc (2/2) D:11            Elf (1/3) Orc:2         Sewer (visited)
Ossuary (visited)

Altars:
Ashenzari
Cheibriados
Dithmenos
Fedhas
Gozag
Hepliaklqana
Kikubaaqudgha
Makhleb
Nemelex Xobeh
Okawaru
Qazlal
Ru
Sif Muna
Trog
Uskayaw
Vehumet
Wu Jian
Xom
Yredelemnul
Beogh

Shops:
D:1 ?   D:6 =   Orc:2 *(=[


Innate Abilities, Weirdness & Mutations

You are completely covered in yellow scales. (AC +4, rCorr)
A meltable icy envelope protects you from harm. (AC +0)
You are mostly covered in sharp spines.
Your melee attacks may debilitate your foes.
A meltable shield of frost defends you. (SH +0)
Your hexes are more powerful.
You have a tail ending in a sharp stinger.
You have large cloven feet.
You expend magic power (3 MP) to strengthen your wands.


Message History

* * * LOW HITPOINT WARNING * * *
Your hell rat closely misses the fire elemental.
Your hell rat bites the fire elemental.
The deep elf pyromancer hits your hell rat but does no damage.
Aiming: Upheaval
Press: ? - help, Dir - move target, f - deep elf pyromancer
Aim: a deep elf pyromancer, wielding a +0 short sword and wearing a +0 ring mail Magma suddenly erupts from the ground!
The blast of magma engulfs the deep elf pyromancer!!
The deep elf pyromancer is severely wounded.
The liquid fire burns you!
* * * LOW HITPOINT WARNING * * *
Your hell rat barely misses the fire elemental.
You block the fire elemental's attack.
The deep elf pyromancer hits your hell rat but does no damage.
Your hell rat misses the fire elemental.
The fire elemental hits you. The fire elemental burns you!
* * * LOW HITPOINT WARNING * * *
You feel better. The liquid fire burns you!
* * * LOW HITPOINT WARNING * * *
The fire elemental hits you. The fire elemental burns you!
* * * LOW HITPOINT WARNING * * *
The fire elemental hits you. The fire elemental burns you!
* * * LOW HITPOINT WARNING * * *
Your hell rat bites the fire elemental.
The deep elf pyromancer hits your hell rat with a +0 short sword.
Your hell rat dies!
The fire elemental hits you. The fire elemental burns you!
* * * LOW HITPOINT WARNING * * *
Aiming: Upheaval
Press: ? - help, Dir - move target, f/p - deep elf pyromancer
Aim: a deep elf pyromancer, wielding a +0 short sword and wearing a +0 ring mail (severely wounded) Magma suddenly erupts from the ground!
The blast of magma engulfs the deep elf pyromancer!!
You kill the deep elf pyromancer!
Qazlal accepts your kill.
The fire elemental disappears in a puff of smoke! x2
The liquid fire burns you!
You die...

###.......#
##.......##
#.......#
##.....##
###.......##
##...##
.#.........#
##'##
.##.######## #.#
.##.# #.########
.##.# ##........#
.####
##....>....# ##
#.@.........
#...#§§........
#####r)≈.......
......).≈).......
#........≈≈......
.......#.........
+#######........
#........
.........


You could see a friendly hell rat.

Vanquished Creatures
  Nikola (Spider:3)
  Arachne (Spider:1)
  Donald (Spider:1)
  7 emperor scorpions
  An orc warlord (Orc:2)
  4 ghost moths (Spider:4)
  An eleionoma (Lair:3)
  A deep elf death mage (Elf:1)
  An ettin (Orc:2)
  5 spark wasps
  2 entropy weavers
  Harold (D:11)
  6 hydras
  2 jorogumos (Spider:1)
  8 two-headed ogres
  3 radroaches
  An ogre mage (Orc:2)
  A boulder beetle (Spider:3)
  3 dancing weapons (Elf:1)
  4 demonic crawlers
  Urug (Orc:1)
  3 orc high priests
  Nergalle (Orc:2)
  Sonja (D:11)
  4 deep elf knights (Elf:1)
  3 skysharks (Lair:5)
  Lodul (D:11)
  8 deep elf archers (Elf:1)
  5 pharaoh ants
  A sun moth (Spider:4)
  6 steelbarb worms
  4 orb spiders
  3 obsidian bats
  6 deep elf pyromancers (Elf:1)
  8 deep elf zephyrmancers (Elf:1)
  3 orc knights (Orc:2)
  18 wolf spiders
  2 orc sorcerers
  A lindwurm (Lair:5)
  A cyclops (Lair:4)
  2 kobold blastminers
  4 elephants (Lair:4)
  7 meliai
  4 moths of wrath
  14 cane toads
  4 torpor snails
  2 komodo dragons
  2 rime drakes (Lair:5)
  3 polar bears (Lair:5)
  26 tarantellas
  6 trolls
  29 jumping spiders
  Grinder (D:3)
  10 hornets
  19 dream sheep
  21 blink frogs
  An air elemental (Elf:1)
  Sigmund (D:4)
  18 culicivoras
  A vampire (D:10)
  14 spriggans (Lair:5)
  4 wraiths
  A fire elemental (Elf:1)
  6 basilisks
  49 yaks
  6 wyverns
  3 wargs
  2 steam dragons (D:9)
  44 redbacks
  A swamp worm (Lair:3)
  19 water moccasins
  26 orc warriors
  An ice beast (D:7)
  8 black bears
  3 sky beasts (D:9)
  29 wolves
  3 boggarts (Lair:5)
  A crocodile (Sewer)
  15 ogres
  4 centaurs
  7 phantoms
  3 kobold brigands
  Blork the orc (D:4)
  15 bullfrogs
  3 earth elementals (Elf:1)
  6 scorpions
  2 gnoll sergeants
  9 wights
  15 killer bees
  4 howler monkeys
  2 electric eels
  6 centaur zombies
  3 jellies
  25 orc priests
  2 hounds
  2 gnoll boudas
  2 iguanas (D:5)
  Terence (D:3)
  5 sleepcaps
  Ijyb (D:4)
  28 orc wizards
  5 scorpion zombies (D:8)
  11 hell rats
  6 killer bee zombies (D:8)
  3 crocodile zombies (Ossuary)
  3 mummies (Ossuary)
  Robin (D:3)
  21 gnolls
  7 adders
  6 shadow imps
  4 white imps
  6 ufetubi (D:6)
  5 dart slugs
  7 ribbon worms
  62 orcs
  7 ball pythons
  10 bats
  5 endoplasms
  4 giant cockroaches
  9 goblins
  5 hobgoblins
  4 jackals (Sewer)
  20 kobolds
  4 quokkas
  7 frilled lizards
  3 gnoll zombies (Ossuary)
  4 kobold zombies (Ossuary)
  6 rats
925 creatures vanquished.

Vanquished Creatures (collateral kills)
  An emperor scorpion (Spider:1)
  A wolf spider (Spider:2)
  2 jumping spiders (Spider:1)
  A tarantella (Spider:1)
  3 redbacks
8 creatures vanquished.

Vanquished Creatures (others)
  2 bloated husks (Swamp:1)
2 creatures vanquished.

Grand Total: 935 creatures vanquished

Notes
Turn   | Place    | Note
-------+----------+-------------------------------------------
     0 | D:1      | Nvm9 the Demonspawn Fighter began the quest for the Orb.
     0 | D:1      | Reached XP level 1. HP: 18/18 MP: 1/1
   161 | D:1      | Gained mutation: You are partially covered in yellow
                  | scales. (AC +2) [demonic ancestry]
   161 | D:1      | Reached XP level 2. HP: 24/24 MP: 2/2
   434 | D:1      | Found Ziefaviv's Magic Scroll Emporium.
  1035 | D:2      | Gained mutation: You are partially covered in sharp spines.
                  | [demonic ancestry]
  1035 | D:2      | Reached XP level 3. HP: 29/29 MP: 3/3
  1110 | D:2      | Gained mutation: Your spells are a little harder to cast,
                  | but a little more powerful. [potion of mutation]
  1110 | D:2      | Gained mutation: You are vulnerable to cold. (rC-) [potion
                  | of mutation]
  1111 | D:2      | Lost mutation: You are vulnerable to cold. (rC-) [potion of
                  | mutation]
  1111 | D:2      | Lost mutation: Your spells are a little harder to cast, but
                  | a little more powerful. [potion of mutation]
  1111 | D:2      | Gained mutation: You expend magic power (3 MP) to
                  | strengthen your wands. [potion of mutation]
  1111 | D:2      | Gained mutation: You are somewhat resistant to further
                  | mutation. [potion of mutation]
  1792 | D:3      | Gained mutation: A meltable shield of frost defends you.
                  | (SH +0) [demonic ancestry]
  1792 | D:3      | Reached XP level 4. HP: 35/35 MP: 4/4
  1822 | D:3      | Noticed Robin
  1832 | D:3      | Killed Robin
  2050 | D:3      | Noticed Grinder
  2066 | D:3      | Paralysed by Grinder for 2 turns
  2068 | D:3      | Killed Grinder
  2069 | D:3      | Reached skill level 1 in Throwing
  2069 | D:3      | Gained mutation: A meltable icy envelope protects you from
                  | harm. (AC +0) [demonic ancestry]
  2069 | D:3      | Reached XP level 5. HP: 27/42 MP: 5/5
  2069 | D:3      | Gained mutation: You are mostly covered in yellow scales.
                  | (AC +3) [demonic ancestry]
  2069 | D:3      | Reached XP level 6. HP: 31/48 MP: 6/6
  2097 | D:3      | Noticed Terence
  2108 | D:3      | Killed Terence
  2214 | D:3      | Found a glowing drain.
  2217 | Sewer    | Entered a sewer
  2624 | D:3      | Reached XP level 7. HP: 44/55 MP: 7/7
  3107 | D:4      | Reached skill level 5 in Fighting
  3307 | D:4      | Noticed Ijyb
  3316 | D:4      | Killed Ijyb
  3491 | D:4      | Noticed Sigmund
  3504 | D:4      | Killed Sigmund
  3600 | D:4      | Noticed Blork the orc
  3607 | D:4      | Killed Blork the orc
  3637 | D:5      | Entered Level 5 of the Dungeon
  3659 | D:5      | Found a sand-covered staircase.
  3669 | Ossuary  | Entered an ossuary
  3677 | Ossuary  | Gained mutation: You have a small tail. [demonic ancestry]
  3677 | Ossuary  | Reached XP level 8. HP: 53/63 MP: 8/8
  3700 | Ossuary  | Reached skill level 5 in Armour
  3743 | Ossuary  | Reached skill level 5 in Shields
  4360 | D:5      | Found a broken altar of Ashenzari.
  4394 | D:5      | Reached skill level 5 in Axes
  4474 | D:5      | Found a staircase to the Ecumenical Temple.
  4606 | Temple   | Entered the Ecumenical Temple
  4681 | D:6      | Found Beoluesch's Jewellery Shoppe.
  4862 | D:6      | Reached skill level 1 in Invocations
  5126 | D:6      | Gained mutation: Your hexes are more powerful. [demonic
                  | ancestry]
  5126 | D:6      | Reached XP level 9. HP: 71/71 MP: 10/10
  5453 | D:6      | Reached skill level 2 in Invocations
  5769 | D:7      | Reached skill level 3 in Invocations
  5793 | D:7      | Identified a scroll of acquirement
  5793 | D:7      | Acquired a +0 vampiric broad axe
  5831 | D:7      | Identified the beast talisman of the World {rC++ Will-
                  | Str+3 Stlth-}
  6521 | D:6      | Bought a +4 ring of slaying for 432 gold pieces
  6666 | D:8      | Reached skill level 4 in Invocations
  6716 | D:8      | Gained mutation: You are mostly covered in sharp spines.
                  | [demonic ancestry]
  6716 | D:8      | Reached XP level 10. HP: 68/78 MP: 13/13
  6819 | D:8      | Found a burning altar of Makhleb.
  6819 | D:8      | Found a blossoming altar of Fedhas.
  6819 | D:8      | Found a stormy altar of Qazlal.
  6819 | D:8      | Found a basalt altar of Yredelemnul.
  6820 | D:8      | Found an ornate altar of the Wu Jian Council.
  6820 | D:8      | Found an opulent altar of Gozag.
  6820 | D:8      | Found a sacrificial altar of Ru.
  6821 | D:8      | Found an iron altar of Okawaru.
  6821 | D:8      | Found a hide-covered altar of Uskayaw.
  6822 | D:8      | Found a sparkling altar of Nemelex Xobeh.
  6825 | D:8      | Became a worshipper of Qazlal Stormbringer
  7066 | D:8      | Reached skill level 5 in Invocations
  7086 | D:8      | Reached * piety under Qazlal
  7131 | D:8      | Got the Compendium of Portals
  7451 | D:9      | Found a staircase to the Lair.
  7467 | D:9      | Reached skill level 6 in Invocations
  7570 | D:9      | Reached ** piety under Qazlal
  7576 | D:9      | Reached XP level 11. HP: 58/87 MP: 15/15
  7928 | D:10     | Entered Level 10 of the Dungeon
  7955 | D:10     | Reached skill level 7 in Invocations
  8088 | D:10     | Noticed a two-headed ogre
  8097 | D:10     | Killed a two-headed ogre
  8230 | D:10     | Reached *** piety under Qazlal
  8412 | D:10     | Noticed a two-headed ogre
  8424 | D:10     | Killed a two-headed ogre
  8425 | D:10     | Reached skill level 8 in Invocations
  9101 | D:11     | Identified the +1 leather armour "Heyschi" {Rampage +Inv
                  | Str+2}
  9297 | D:11     | Noticed Harold
  9316 | D:11     | Killed Harold
  9701 | D:11     | Noticed a two-headed ogre
  9723 | D:11     | Killed a two-headed ogre
  9724 | D:11     | Reached XP level 12. HP: 96/96 MP: 18/18
  9923 | D:11     | Noticed Lodul
 10002 | D:11     | Killed Lodul
 10065 | D:11     | Noticed Sonja
 10083 | D:11     | Killed Sonja
 10550 | D:11     | Found a staircase to the Orcish Mines.
 10583 | Orc:1    | Entered Level 1 of the Orcish Mines
 10584 | Orc:1    | Noticed Urug
 10587 | Orc:1    | Noticed a two-headed ogre
 10607 | D:11     | Killed a two-headed ogre
 10608 | D:11     | Reached skill level 9 in Invocations
 10657 | Orc:1    | Killed Urug
 10658 | Orc:1    | Reached skill level 10 in Fighting
 11160 | D:1      | Bought a scroll of acquirement for 676 gold pieces
 11160 | D:1      | Bought a scroll of revelation for 97 gold pieces
 11162 | D:1      | Acquired the +2 ratskin cloak {*Rats rPois rN+ Str-1 Int-1
                  | Dex+1}
 11162 | D:1      | Found the +2 ratskin cloak {*Rats rPois rN+ Str-1 Int-1
                  | Dex+1}
 11379 | Orc:2    | Entered Level 2 of the Orcish Mines
 11763 | Orc:2    | Noticed a two-headed ogre
 11763 | Orc:2    | Noticed a two-headed ogre
 11765 | Orc:2    | Noticed a two-headed ogre
 11797 | Orc:1    | Killed a two-headed ogre
 11809 | Orc:1    | Killed a two-headed ogre
 11813 | Orc:1    | Killed a two-headed ogre
 11964 | Orc:2    | Noticed an ogre mage
 11966 | Orc:2    | Noticed a two-headed ogre
 11994 | Orc:2    | Killed a two-headed ogre
 11997 | Orc:2    | Killed an ogre mage
 12088 | Orc:2    | Reached skill level 5 in Throwing
 12088 | Orc:2    | Reached skill level 10 in Invocations
 12171 | Orc:1    | Reached **** piety under Qazlal
 12940 | Orc:2    | Noticed an orc high priest
 12943 | Orc:2    | Killed an orc high priest
 13103 | Orc:2    | Noticed an ettin
 13132 | Orc:2    | Killed an ettin
 13133 | Orc:2    | Gained mutation: You are completely covered in yellow
                  | scales. (AC +4, rCorr) [demonic ancestry]
 13133 | Orc:2    | Reached XP level 13. HP: 73/104 MP: 20/20
 13241 | Orc:2    | Noticed an orc warlord
 13337 | Orc:2    | Killed an orc warlord
 13491 | Orc:2    | Noticed Nergalle
 13494 | Orc:2    | Killed Nergalle
 13555 | Orc:2    | Found a roughly hewn altar of Beogh.
 13557 | Orc:2    | Paralysed by an orc sorcerer for 3 turns
 13608 | Orc:2    | Reached skill level 10 in Armour
 13684 | Orc:2    | Found Sepeux's Antique Weapon Boutique.
 13690 | Orc:2    | Found Noicsec's Antique Armour Boutique.
 13696 | Orc:2    | Found Yxiam's Jewellery Boutique.
 13700 | Orc:2    | Found Teshri Vuri's General Store.
 13727 | Orc:2    | Found a staircase to the Elven Halls.
 13887 | Orc:2    | Bought a pair of runed boots for 255 gold pieces
 14330 | Lair:1   | Entered Level 1 of the Lair of Beasts
 14483 | Lair:1   | Reached skill level 10 in Shields
 14483 | Lair:1   | Reached skill level 11 in Invocations
 14528 | Lair:1   | Got the Encyclopedia of Hexing Reconfiguration
 15383 | Lair:2   | Reached skill level 10 in Axes
 16148 | Lair:3   | Found a hole to the Spider Nest.
 16312 | Lair:3   | Noticed an eleionoma
 16320 | Lair:3   | Killed an eleionoma
 16373 | Lair:3   | Found a staircase to the Swamp.
 17036 | Spider:1 | Entered Level 1 of the Spider Nest
 17123 | Spider:1 | Reached skill level 12 in Invocations
 17154 | Spider:1 | Gained mutation: You have a tail ending in a sharp stinger.
                  | [demonic ancestry]
 17154 | Spider:1 | Reached XP level 14. HP: 113/113 MP: 23/23
 19498 | Spider:1 | Noticed an emperor scorpion
 19525 | Spider:1 | Killed an emperor scorpion
 20139 | Spider:1 | Noticed an emperor scorpion
 20149 | Spider:1 | Killed an emperor scorpion
 20246 | Spider:1 | Noticed an emperor scorpion
 20266 | Spider:1 | Killed an emperor scorpion
 20417 | Spider:1 | Noticed an emperor scorpion
 20433 | Spider:1 | Killed an emperor scorpion
 20860 | Spider:1 | Reached skill level 13 in Invocations
 20918 | Spider:2 | Noticed Donald
 20959 | Spider:1 | Killed Donald
 22243 | Spider:2 | Noticed Arachne
 22285 | Spider:1 | Killed Arachne
 22286 | Spider:1 | Gained mutation: Your melee attacks may debilitate your
                  | foes. [demonic ancestry]
 22286 | Spider:1 | Reached XP level 15. HP: 55/122 MP: 25/25
 23622 | Spider:2 | Gained mutation: You have large cloven feet. [mutagenic
                  | glow]
 23656 | Spider:1 | Lost mutation: You are somewhat resistant to further
                  | mutation. [mutagenic glow]
 25435 | Spider:4 | Entered Level 4 of the Spider Nest
 26883 | Spider:3 | Reached skill level 14 in Invocations
 27915 | Spider:4 | Noticed Nikola
 27929 | Spider:3 | Killed Nikola
 32162 | Spider:4 | Noticed an emperor scorpion
 32162 | Spider:4 | Noticed an emperor scorpion
 32162 | Spider:4 | Noticed an emperor scorpion
 32166 | Spider:4 | Noticed an emperor scorpion
 32179 | Spider:4 | Killed an emperor scorpion
 32189 | Spider:4 | Killed an emperor scorpion
 32197 | Spider:4 | Killed an emperor scorpion
 32198 | Spider:4 | Reached XP level 16. HP: 131/131 MP: 8/27
 32337 | Spider:4 | Got a gossamer rune of Zot
 32635 | Swamp:1  | Entered Level 1 of the Swamp
 33046 | Lair:4   | Found a staircase to the Slime Pits.
 33104 | Lair:4   | Reached skill level 15 in Invocations
 33684 | Lair:5   | Entered Level 5 of the Lair of Beasts
 34236 | Lair:5   | Identified the +5 leather armour "Nul Cupn" {Will+}
 35374 | D:6      | Bought the ring of Rumnoj {Ice rN+ rCorr Str+3 SInv} for
                  | 627 gold pieces
 35593 | Elf:1    | Entered Level 1 of the Elven Halls
 36910 | Elf:1    | Paralysed by an air elemental for 1 turns
 37502 | Elf:1    | Reached skill level 16 in Invocations
 37755 | Elf:1    | HP: 5/131 [fire elemental[a deep elf pyromancer] (3)]
 37756 | Elf:1    | Incinerated by a deep elf pyromancer

Illustrated notes

Levels and vault maps discovered:
D:1:      eino_arrival_water_cross, layout_loops_ring, serial_shops, shop,
          chequers_serial_rivers_small_3, minmay_misc_feat_pillars,
          hangedman_glass_teeth, minmay_strange_pillars, bh_walls_and_bars
D:2:      layout_basic, grunt_ministairs_14
D:3:      layout_basic, mainiacjoe_sewer_entry_somewhere_in_here_1,
          uniq_grinder, uniq_terence, uniq_robin
D:4:      layout_gridville, grunt_ministairs_2, uniq_blork_the_orc, uniq_ijyb,
          uniq_sigmund
D:5:      layout_loops_ring, nicolae_overflow_crystal_walls,
          cheibrodos_ashenzari_chains, minmay_temple_entry_antechambers,
          nicolae_ossuary_entry_ruins
D:6:      layout_rooms, serial_shops, shop, nicolae_zig_zag_zippers
D:7:      minmay_skewed_foursquare, layout_rooms, mainiacjoe_overflow_chevrons,
          kennysheep_generic_room_5
D:8:      bobbens_index_wilting_gardens, layout_rooms, nicolae_overflows_in_rows
D:9:      layout_cave_pools, due_lair_maze_entry_diamond, hangedman_misty_isle
D:10:     layout_stronghold, serial_glass, glass_columns_a, glass_columns_b
D:11:     layout_basic, erik_orc_2, roderic_lattice_a, uniq_harold, uniq_sonja,
          uniq_lodul
Temple:   chequers_temple_sunken
Lair:1:   layout_cave_pods
Lair:2:   layout_small_grid, lemuel_fruit_tree
Lair:3:   layout_regular_city, alex1729_swamp_entry_worm_eleionoma,
          hellmonk_spider_entry_not_the_bees
Lair:4:   layout_big_grid, slime_entry_1, grunt_megastairs_2,
          serial_bayou_shore_b
Lair:5:   minmay_lair_end_enchanted_forest, layout_misc_corridors,
          grunt_megastairs_5
Swamp:1:  layout_falls_marsh, nicolae_swamp_some_circles, swamp_pool_3
Spider:1: nicolae_spider_hilbert_zone_4 [nicolae_spider_hilbert_4_sides_2_open,
          nicolae_spider_hilbert_4_sides_1_open,
          nicolae_spider_hilbert_4_sides_1_open,
          nicolae_spider_hilbert_4_sides_1_open,
          nicolae_spider_hilbert_4_sides_1_open,
          nicolae_spider_hilbert_2_sides_1_open,
          nicolae_spider_hilbert_2_sides_1_open,
          nicolae_spider_hilbert_2_sides_1_open,
          nicolae_spider_hilbert_2_sides_1_open,
          nicolae_spider_hilbert_6_sides_1_open,
          nicolae_spider_hilbert_6_sides_1_open,
          nicolae_spider_hilbert_3_sides_1_open,
          nicolae_spider_hilbert_3_sides_1_open], nicolae_spider_shape
Spider:2: layout_spider_delve, uniq_arachne, uniq_donald
Spider:3: layout_spider_delve, spiders_nest_hornet_nest
Spider:4: spider_rune_water, uniq_nikola
Orc:1:    layout_caves, roderic_batcave, nicolae_orc_hostile_takeover, uniq_urug
Orc:2:    grunt_orc_cross, layout_diamond_mine
Elf:1:    nicolae_elf_arrival_no_cutting_in_line, layout_loops_corners,
          regret_index_elf_centigrade

Skill      XL: |  1  2  3  4  5  6  7  8  9 10 11 12 13 14 15 16 |
---------------+-------------------------------------------------+-----
Axes           | 2 3 4 5 6 7 8 9 10 11 12 | 12.9
Armour         | 3 4 5 6 7 8 9 10 11 12 13 | 13.1
Shields        | 3 4 5 6 7 8 9 10 11 12 13 | 13.0
Fighting       | 4 5 6 7 8 9 10 11 12 13 14 | 14.3
Throwing       | 1 3 4 5 6 7 8 |  8.5
Invocations    | 1 4 6 8 10 12 13 14 16 | 16.0

Action                     |  1- 3 |  4- 6 |  7- 9 | 10-12 | 13-15 | 16-18 || total
---------------------------+-------+-------+-------+-------+-------+-------++-------
  Melee: War axe           |   149 |    81 |   317 |       |       |       ||   547
         Tailslap          |       |       |    40 |    91 |   204 |    66 ||   401
         Broad axe         |       |       |    81 |   497 |   979 |   374 ||  1931
         Kick              |       |       |       |       |    99 |   140 ||   239
  Throw: Dart              |       |       |       |    48 |    28 |     6 ||    82
 Invoke: Upheaval          |       |       |       |     7 |    43 |    19 ||    69
  Evoke: Wand              |       |       |       |       |       |     2 ||     2
    Use: Scroll            |     7 |     1 |     7 |     4 |     7 |     1 ||    27
         Potion            |     6 |     2 |     5 |     1 |    12 |     3 ||    29
   Stab: Distracted        |       |       |       |       |     2 |       ||     2
         Invisible         |       |       |       |       |       |     6 ||     6
         Petrified         |       |       |       |       |       |     4 ||     4
         Paralysed         |       |       |       |       |       |     2 ||     2
         Confused          |       |       |       |       |       |     1 ||     1
         Petrifying        |       |       |       |       |       |     1 ||     1
 Armour: Scale mail        |    42 |       |       |       |       |       ||    42
         Chain mail        |   104 |    58 |   132 |       |       |       ||   294
         Plate armour      |       |       |   245 |   525 |  1043 |   278 ||  2091
  Dodge: Dodged            |    63 |    23 |    94 |   115 |   232 |    45 ||   572
         Repelled          |       |       |       |       |     2 |     6 ||     8
  Block: Buckler           |    32 |    41 |   225 |   411 |   475 |       ||  1184
         Kite shield       |       |       |       |       |   947 |   458 ||  1405
         Reflection        |       |       |       |       |     6 |    31 ||    37

Table legend: (Time is in decaauts)
 A = Elapsed time spent in this place.
 B = Non-inter-level travel time spent in this place.
 C = Inter-level travel time spent in this place.
 D = Time resting spent in this place.
 E = Time spent auto-exploring this place.
 F = Levels seen in this place.
 G = Mean time per level.
                   A        B        C        D        E       F      G
               +--------+--------+--------+--------+--------+-----+--------+
         Total |  38348 |  35860 |   2488 |  14384 |  12306 |  27 | 1420.3 |
       Dungeon |  11350 |  10051 |   1299 |   1260 |   6001 |  11 | 1031.8 |
        Temple |     51 |     38 |     13 |      0 |      0 |   1 |   51.0 |
          Lair |   5596 |   4978 |    618 |    820 |   3013 |   5 | 1119.2 |
         Swamp |    174 |    174 |      0 |    100 |      0 |   1 |  174.0 |
   Spider Nest |  15392 |  14935 |    457 |  10115 |   2048 |   4 | 3848.0 |
  Orcish Mines |   3336 |   3242 |     94 |    730 |    862 |   2 | 1668.0 |
   Elven Halls |   2148 |   2143 |      5 |   1319 |    313 |   1 | 2148.0 |
         Sewer |    171 |    171 |      0 |     38 |     68 |   1 |  171.0 |
       Ossuary |    128 |    128 |      0 |      0 |      0 |   1 |  128.0 |
               +--------+--------+--------+--------+--------+-----+--------+

Top non-repeatable levels by time:
Spider:1: 4509 daAuts
Spider:4: 4365 daAuts
Spider:3: 3766 daAuts
Spider:2: 2751 daAuts
   Orc:2: 2574 daAuts
   Elf:1: 2148 daAuts
    D:11: 2096 daAuts
  Lair:5: 1543 daAuts
  Lair:1: 1260 daAuts
  Lair:3: 1194 daAuts
     D:1: 1133 daAuts
     D:4: 1056 daAuts
     D:7: 994 daAuts
     D:5: 923 daAuts
     D:6: 912 daAuts
